 Dungeon Crawl Stone Soup version 0.30-a0-374-g95c0257040 (webtiles) character file.

Game seed: 4040797836793714096

366 Nattfarinn the Stinger (level 6, -8/49 HPs)
             Began as a Naga Venom Mage on Nov 25, 2022.
             Mangled by an ogre
             ... wielding a +0 giant club
              (24 damage)
             ... on level 4 of the Dungeon.
             The game lasted 00:06:24 (4268 turns).

Nattfarinn the Stinger (Naga Venom Mage)            Turns: 4268, Time: 00:06:24

Health: -8/49      AC:  5    Str: 10    XL:     6   Next: 68%
Magic:  12/14      EV:  9    Int: 18    God:
Gold:   147        SH:  0    Dex: 11    Spells: 5/15 levels left

rFire   + . .      SeeInvis +    n - +1 dagger (venom)
rCold   . . .      Faith    .    (no shield)
rNeg    . . .      Spirit   .    k - +2 robe {rF+}
rPois   +          Reflect  .    (no helmet)
rElec   .          Harm     .    (no cloak)
rCorr   .          Rampage  .    (no gloves)
Will    .....                    (no barding)
Stlth   +.........               (no amulet)
HPRegen 0.28/turn                (no ring)
MPRegen 0.14/turn                (no ring)

@: silenced, very slow
A: AC +2, large, see invisible, deformed body, poison resistance, slowness 2,
spit poison 1, naga tail 1
a: Spit Poison


You were on level 4 of the Dungeon.
You visited 1 branch of the dungeon, and saw 4 of its levels.

You collected 147 gold pieces.

Inventory:

Hand Weapons
 d - a +0 dagger
 n - a +1 dagger of venom (weapon)
Armour
 a - a +0 robe
 k - a +2 robe of fire resistance (worn)
Scrolls
 c - a scroll of amnesia {unknown}
 f - 3 scrolls of immolation {unknown}
 g - 3 scrolls of teleportation {unknown}
 i - 4 scrolls of identify {unknown}
 o - a scroll of poison {unknown}
Potions
 b - 2 potions of magic
 h - a potion of mutation {unknown}
 j - a potion of curing
 l - a potion of might {unknown}
 m - a potion of degeneration {unknown}
 p - a potion of heal wounds {unknown}


   Skills:
 - Level 1.5 Dodging
 - Level 3.0 Stealth
 * Level 5.3 Spellcasting
 - Level 1.0 Transmutations
 + Level 6.3 Poison Magic


You had 5 spell levels left.
You knew the following spells:

 Your Spells              Type           Power      Damage    Failure   Level
a - Sting                 Tmut/Pois      72%        1d6       2%          1
b - Poisonous Vapours     Pois/Air       32%        N/A       5%          2
c - Mephitic Cloud        Conj/Pois/Air  12%        N/A       16%         3
d - Olgreb's Toxic Radia  Pois           27%        N/A       10%         4

Your spell library contained the following spells:

 Spells                   Type           Power      Damage    Failure   Level
 Cigotuvi's Dreadful Rot  Necr/Pois/Air  24%        N/A       9%          2
 Portal Projectile        Hex/Tloc       8%         N/A       36%         3
 Tukima's Dance           Hex            4%         N/A       36%         3
 Dispel Undead            Necr           4%         3d7       77%         4
 Blade Hands              Tmut           4%         N/A       93%         5
 Death Channel            Necr           2%         N/A       100%        6


Dungeon Overview and Level Annotations

Branches:
Dungeon (4/15)
 Temple: D:4-7

Altars:
Makhleb

Shops:
D:2 *[


Innate Abilities, Weirdness & Mutations

Your serpentine skin is tough. (AC +2)
You have supernaturally acute eyesight. (SInv)
Armour fits poorly on your strangely shaped body.
Your system is resistant to poisons. (rPois)
You cover ground very slowly.
You can spit poison.
You have a snake-like lower body.


Message History

You can't see any susceptible monsters within range! (Use Z to cast anyway.)
You can't see any susceptible monsters within range! (Use Z to cast anyway.)
The dart slug briefly extends its eye-stalks.
You can't see any susceptible monsters within range! (Use Z to cast anyway.)
The dart slug bites you.
You hit the dart slug.
The dart slug is poisoned.
The dart slug is heavily wounded.
The dart slug bites you but does no damage.
You hit the dart slug but do no damage.
The dart slug looks as sick as possible!
The dart slug is heavily wounded.
The dart slug launches a dart at you. The slug dart misses you.
You hit the dart slug.
You kill the dart slug!
You see here a dart slug corpse.
You now have 147 gold pieces (gained 6).
An ogre comes into view. It is wielding a +0 giant club.
The ogre shouts!
An ogre is nearby!
An ogre is nearby!
The sting hits the ogre.
The ogre is poisoned.
The ogre is lightly wounded.
The sting hits the ogre.
The ogre looks even sicker.
The ogre is lightly wounded.
The ogre hits you with a +0 giant club!!
Ouch! That really hurt!
You are too injured to fight recklessly!
You are too injured to fight recklessly!
You are too injured to fight recklessly!
You hit the ogre.
The ogre looks as sick as possible!
The ogre is lightly wounded.
The ogre hits you with a +0 giant club!
* * * LOW HITPOINT WARNING * * *
Okay, then.
As you read the scroll labelled QEGUOGG SAGOMN, it crumbles to dust.
A profound silence engulfs you.
It was a scroll of silence.
It was a potion of curing.
You feel better.
The ogre hits you with a +0 giant club!!
You die...

#.###. #.# #.######.#
#......#.### #O#.#..
####### #@#.#.# .......
#.#.#.# .######
######.#.#.## #
.............# #
.######.#.##############
#.#...............
#...##############
##################.#
#.....
..............†....#
#.....


You could see an ogre (extremely poisoned).

Vanquished Creatures
  An orc priest (D:4)
  Jessica (D:2)
  An iguana (D:3)
  3 orc wizards (D:4)
  7 gnolls
  5 adders
  2 worms
  3 dart slugs
  3 orcs (D:4)
  11 ball pythons
  8 endoplasms
  5 giant cockroaches
  6 goblins
  6 hobgoblins
  6 jackals
  9 kobolds
  2 quokkas
  5 bats (D:1)
  A frilled lizard (D:3)
  6 rats
91 creatures vanquished.

Notes
Turn   | Place    | Note
-------+----------+-------------------------------------------
     0 | D:1      | Nattfarinn the Naga Venom Mage began the quest for the Orb.
     0 | D:1      | Reached XP level 1. HP: 15/15 MP: 3/3
   252 | D:1      | Reached XP level 2. HP: 22/22 MP: 1/5
   565 | D:1      | Found a faded altar of an unknown god.
   921 | D:1      | Reached XP level 3. HP: 23/28 MP: 4/7
  1716 | D:2      | Noticed Jessica
  1726 | D:2      | Killed Jessica
  1727 | D:2      | Reached XP level 4. HP: 29/36 MP: 2/9
  1824 | D:2      | Reached skill level 5 in Poison Magic
  1924 | D:2      | Found Yluisaoh's Assorted Antiques.
  1970 | D:2      | Found Cyfususs's Antique Armour Shoppe.
  2260 | D:3      | Learned a level 2 spell: Poisonous Vapours
  2264 | D:3      | Learned a level 3 spell: Mephitic Cloud
  2269 | D:3      | Learned a level 4 spell: Olgreb's Toxic Radiance
  2568 | D:3      | Reached XP level 5. HP: 34/42 MP: 3/11
  3013 | D:3      | Found a burning altar of Makhleb.
  3721 | D:4      | Reached XP level 6. HP: 36/49 MP: 4/13
  3726 | D:4      | Reached skill level 6 in Poison Magic
  3727 | D:4      | Reached skill level 5 in Spellcasting
  4268 | D:4      | Mangled by an ogre

Illustrated notes

Levels and vault maps discovered:
D:1:      minmay_arrival_doors, layout_basic, serial_corexii_hall,
          chequers_hall_statues_wall_a, corexii_hall_statues_x,
          corexii_hall_statues_l, corexii_hall_statues_s,
          ebering_ecumenical_altar_mist, minivault_27, minmay_strange_pillars,
          kennysheep_pointless_box
D:2:      layout_basic, serial_shops, shop, nicolae_shop_trees, st_stairs_1,
          uniq_jessica
D:3:      layout_basic, lightli_temple_of_fire, grunt_ministairs_7,
          minmay_misc_feat_iff
D:4:      layout_basic, serial_shops, shop

Skill      XL: |  1  2  3  4  5  6 |
---------------+-------------------+-----
Spellcasting   | 3 4 5 |  5.3
Poison Magic   | 5 6 |  6.3
Dodging        | |  1.5
Stealth        | |  3.0
Transmutations | |  1.0

Action                   |  1- 3 |  4- 6 || total
-------------------------+-------+-------++-------
Melee: Unarmed           |    12 |       ||    12
       Punch             |     3 |       ||     3
       Dagger            |    29 |    52 ||    81
 Cast: Sting             |    51 |    88 ||   139
       Olgreb's Toxic Ra |       |     6 ||     6
  Use: Scroll            |       |     1 ||     1
       Potion            |       |     1 ||     1
Armor: Robe              |    12 |    40 ||    52
Dodge: Dodged            |    36 |    37 ||    73

Table legend: (Time is in decaauts)
 A = Elapsed time spent in this place.
 B = Non-inter-level travel time spent in this place.
 C = Inter-level travel time spent in this place.
 D = Time resting spent in this place.
 E = Time spent auto-exploring this place.
 F = Levels seen in this place.
 G = Mean time per level.
                   A        B        C        D        E       F      G
               +--------+--------+--------+--------+--------+-----+--------+
         Total |   5239 |   5135 |    104 |    137 |   4336 |   4 | 1309.8 |
       Dungeon |   5239 |   5135 |    104 |    137 |   4336 |   4 | 1309.8 |
               +--------+--------+--------+--------+--------+-----+--------+

Top non-repeatable levels by time:
     D:1: 1769 daAuts
     D:3: 1612 daAuts
     D:2: 996 daAuts
     D:4: 861 daAuts
